 Dungeon Crawl Stone Soup version 0.31-a0-765-g67fe2935dc (webtiles) character file.

Game seed: 10657501656378256880

5 subawu the Ruffian (level 1, 0/17 HPs)
             Began as a Gnoll Shapeshifter on Sept 15, 2023.
             Slain by a goblin
             ... wielding a +0 dagger
              (2 damage)
             ... on level 1 of the Dungeon.
             The game lasted 00:00:15 (81 turns).

subawu the Ruffian (Gnoll Shapeshifter)               Turns: 81, Time: 00:00:15

Health: 0/17       AC:  2    Str: 13    XL:     1   Next: 80%
Magic:  1/1        EV: 13    Int:  9    God:
Gold:   10         SH:  0    Dex: 11    Spells: 0/0 levels left

rFire   . .          .
                       - Unarmed
rCold   . . .        (no shield)
rNeg    . . .        a - +0 animal skin
rPois   .            (helmet currently unavailable)
rElec   .            (cloak currently unavailable)
rCorr   .            (gloves currently unavailable)
SInv    .            (boots currently unavailable)
Will    .....        (no amulet)
Stlth   +            (no ring)
HPRegen 0.22/turn    (no ring)
MPRegen 0.07/turn

%: no passive effects
@: beast-form
A: beast (slay +3), fangs 1, strong nose, distributed training
a: Begin Untransformation


You were on level 1 of the Dungeon.
You were a hulking beast.
You visited 1 branch of the dungeon, and saw 1 of its levels.

You collected 10 gold pieces.

Inventory:

Armour
 a - a +0 animal skin (worn)
Jewellery
 e - a +6 ring of intelligence
Talismans
 c - a beast talisman (active)
 d - a flux talisman
Potions
 b - a potion of lignification
 f - a potion of attraction {unknown}


   Skills:
 + Level 2.4 Fighting
 + Level 0.1 Short Blades
 + Level 0.1 Long Blades
 + Level 0.1 Axes
 + Level 0.1 Maces & Flails
 + Level 0.1 Polearms
 + Level 0.1 Staves
 + Level 0.1 Ranged Weapons
 + Level 0.1 Throwing
 + Level 0.1 Armour
 + Level 4.4 Dodging
 + Level 0.1 Stealth
 + Level 0.1 Shields
 + Level 6.4 Unarmed Combat
 + Level 0.1 Spellcasting
 + Level 0.1 Conjurations
 + Level 0.1 Hexes
 + Level 0.1 Summonings
 + Level 0.1 Necromancy
 + Level 0.1 Translocations
 + Level 0.1 Transmutations
 + Level 0.1 Fire Magic
 + Level 0.1 Ice Magic
 + Level 0.1 Air Magic
 + Level 0.1 Earth Magic
 + Level 0.1 Poison Magic
 + Level 0.2 Invocations
 + Level 0.1 Evocations
 + Level 6.4 Shapeshifting


You couldn't memorise any spells.
You didn't know any spells.
Your spell library was empty.

Dungeon Overview and Level Annotations

Branches:
Dungeon (1/15)

Altars:


Innate Abilities, Weirdness & Mutations

You are a hulking beast.
Your limbs bulge with bestial killing power. (Slay +3)
You have very sharp teeth.
Your uncanny sense of smell can sniff out nearby items.
Your experience applies equally to all skills.


Message History

The jackal is almost dead.
The quokka barely misses you. The jackal misses you.
The jackal barely misses you.
You hit the jackal.
You kill the jackal!
The quokka completely misses you. The kobold barely misses you.
A goblin comes into view. It is wielding a +0 club.
The jackal bites you. The quokka closely misses you. The jackal misses you.
The quokka barely misses you.
Things that are here:
a staff of air; a jackal corpse The jackal misses you.
The kobold attacks as it pursues you!
The kobold hits you with a +0 short sword.
The jackal barely misses you.
A hobgoblin comes into view.
The hobgoblin shouts!
The jackal closely misses you. The goblin closely misses you.
The kobold hits you with a +0 short sword.
You punch the jackal!
You kill the jackal!
The goblin hits you with a +0 dagger.
A rat comes into view.
The kobold hits you but does no damage.
You hit the quokka.
You kill the quokka!
The goblin hits you with a +0 dagger. The kobold barely misses you.
The goblin hits you with a +0 club.
* * * LOW HITPOINT WARNING * * *
The kobold misses you.
You hit the kobold.
The kobold is severely wounded.
The goblin closely misses you.
The kobold hits you with a +0 short sword.
* * * LOW HITPOINT WARNING * * *
You punch the kobold!
You kill the kobold!
The goblin barely misses you.
A kobold comes into view. It is wielding a +0 short sword.
The goblin hits you with a +0 dagger.
You die...

#......K......#
∆
#.............#
+.............#
#.............#
#...?..r......#
#.............#
#......gg.....#
#......gh.....#
........).$...#
..............#
###
...######...###
#.. ..
###%..#### #.#
# ###....###
#.. ###....#
##. #....#####.
#....##....


You could see a hobgoblin, 2 goblins, a kobold (wandering) and a rat.

Vanquished Creatures
  3 jackals (D:1)
  A kobold (D:1)
  A quokka (D:1)
5 creatures vanquished.

Notes
Turn   | Place    | Note
-------+----------+-------------------------------------------
     0 | D:1      | subawu the Gnoll Shapeshifter began the quest for the Orb.
     0 | D:1      | Reached XP level 1. HP: 17/17 MP: 1/1
    81 | D:1      | Slain by a goblin

Illustrated notes

Levels and vault maps discovered:
D:1:      scummos_arrival_star, layout_basic, serial_shops, shop,
          ebering_ecumenical_altar_petrified, grunt_decor_one_mirror,
          hangedman_glass_teeth

Action                     || total
---------------------------++-------
  Melee: Unarmed           ||     8
         Bite              ||     1
 Armour: Animal skin       ||     9
  Dodge: Dodged            ||    24

Table legend: (Time is in decaauts)
 A = Elapsed time spent in this place.
 B = Non-inter-level travel time spent in this place.
 C = Inter-level travel time spent in this place.
 D = Time resting spent in this place.
 E = Time spent auto-exploring this place.
 F = Levels seen in this place.
 G = Mean time per level.
                   A        B        C        D        E       F      G
               +--------+--------+--------+--------+--------+-----+--------+
         Total |     80 |     76 |      4 |      0 |     26 |   1 |   80.0 |
       Dungeon |     80 |     76 |      4 |      0 |     26 |   1 |   80.0 |
               +--------+--------+--------+--------+--------+-----+--------+

Top non-repeatable levels by time:
     D:1: 80 daAuts
